 Dungeon Sprint DCSS version 0.20-a0-1086-g4bd2f5b (webtiles) character file.

12 potatolord5000 the Poker (level 3, -10/45 HPs)
             Began as a Merfolk Gladiator on May 1, 2017.
             Was an Initiate of Gozag.
             Mangled by a queen ant (11 damage)
             ... in the Dungeon (Sprint VI: "Thunderdome").
             The game lasted 00:02:45 (196 turns).

potatolord5000 the Poker (Merfolk Gladiator)         Turns: 196, Time: 00:02:46

Health: -10/45     AC:  5    Str: 19    XL:     3   Next: 18%
Magic:  3/3        EV: 15    Int:  7    God:    Gozag
Gold:   50         SH:  0    Dex: 16    Spells: 2/2 levels left

rFire    . . .     SeeInvis .   a - +0 trident
rCold    + . .     Gourm    .   (no shield)
rNeg     + . .     Faith    .   b - +0 leather armour
rPois    +         Spirit   .   c - +0 helmet
rElec    +         Reflect  .   e - +0 cloak of Somewhere Else {rElec rPois rC+ rN+}
rCorr    .         Harm     .   (no gloves)
MR       .....     NoTele   +   (no boots)
Stlth    ..........             (no amulet)
Regen    0.2/turn               (no ring)
MPRegen  0.1/turn               (no ring)

@: berserking, hasted, very quick
A: change form in water, swift swim, stealthy swim
a: Potion Petition, Call Merchant, Bribe Branch, Renounce Religion


You were in the Dungeon.
You worshipped Gozag.
Gozag was noncommittal.
You were not hungry.

You visited 1 branch You collected 382 gold pieces.
You spent 332 gold pieces at shops.

Inventory:

Hand Weapons
 a - a +0 trident (weapon)
Missiles
 d - 3 throwing nets (quivered)
Armour
 b - a +0 leather armour (worn)
 c - a +0 helmet (worn)
 e - the +0 cloak of Somewhere Else (worn) {rElec rPois rC+ rN+}
   (You bought it in a shop in the Dungeon)

   It protects you from cold.
   It insulates you from electricity.
   It protects you from poison.
   It protects you from negative energy.
Wands
 m - a wand of acid (5/15)
 n - a wand of iceblast (5/15)
Scrolls
 k - 4 scrolls of blinking
 o - 3 scrolls of fog
Potions
 g - 2 potions of heal wounds
 h - 3 potions of haste
 i - 2 potions of magic
 l - 2 potions of resistance
Comestibles
 f - a bread ration


   Skills:
 + Level 3.9 Fighting
 + Level 6.1 Polearms
 - Level 2.0 Throwing
 + Level 5.6 Dodging
 + Level 3.3 Stealth


You had 2 spell levels left.
You didn't know any spells.

Dungeon Overview and Level Annotations

Branches:
Dungeon (1/1)

Altars:
Cheibriados
Dithmenos
Fedhas
Gozag
Kikubaaqudgha
Makhleb
Okawaru
Qazlal
Ru
Sif Muna
Trog
Uskayaw
Vehumet
Wu Jian
Xom
Yredelemnul
Zin
The Shining One
Beogh
Jiyva
Lugonu

Shops:
D *[%??*?*:[((!!!!


Message History

You hit the queen ant.
The queen ant is moderately wounded.
The queen ant stings you.
* * * LOW HITPOINT WARNING * * *
You puncture the queen ant!
The queen ant is heavily wounded.
You puncture the queen ant!
The queen ant is severely wounded.
The queen ant stings you but does no damage.
You completely miss the queen ant.
The queen ant is severely wounded.
The queen ant stings you!
* * * LOW HITPOINT WARNING * * *
You completely miss the queen ant.
The queen ant is severely wounded.
You hit the queen ant.
The queen ant is severely wounded.
The queen ant stings you!
You die...
Your body crumbles into a pile of gold.

#_......._# #_........#
#_......._#
###.........###
#⌠...........⌠#
#####.8.........8.######
∩__.......###..†...___∩##
........8.# #.8..a.....∩##
..........###...@.........
.......###...###..........
.......# #.<.# #..........
.......###...###..........
..........###.............
........8.# #.8........∩##
∩___......###......___∩##
#####.8.........8.######
#⌠...........⌠#


You could see a queen ant.

Vanquished Creatures
  3 adders (D)
  2 ball pythons (D)
5 creatures vanquished.

Notes
Turn   | Place    | Note
-------+----------+-------------------------------------------
     0 | D        | potatolord5000 the Merfolk Gladiator began the quest for the Orb.
     0 | D        | Reached XP level 1. HP: 16/16 MP: 1/1
     4 | D        | Found a basalt altar of Yredelemnul.
     4 | D        | Found an ancient bone altar of Kikubaaqudgha.
     5 | D        | Found a sacrificial altar of Ru.
     5 | D        | Found an ornate altar of the Wu Jian Council.
     5 | D        | Round 1.
     6 | D        | Found a glowing golden altar of the Shining One.
     6 | D        | Found a deep blue altar of Sif Muna.
     7 | D        | Found Agedgh's Identification Station.
     7 | D        | Found a snail-covered altar of Cheibriados.
     7 | D        | Found Liazxaah's Bee Food.
     8 | D        | Found Moukaxurch's Advanced Armour.
     8 | D        | Found Caod's Jewellery.
    11 | D        | Found a hide-covered altar of Uskayaw.
    12 | D        | Found an iron altar of Okawaru.
    13 | D        | Found a glowing silver altar of Zin.
    15 | D        | Found Deuczak's Magic Scroll Shop.
    16 | D        | Found Fewnoreq's Magic Scroll Shop.
    16 | D        | Found Ganwontoesm's Must-Have Magic.
    17 | D        | Found a shimmering altar of Xom.
    17 | D        | Found a shadowy altar of Dithmenos.
    17 | D        | Found Fittun's Staff Store.
    23 | D        | Found a radiant altar of Vehumet.
    25 | D        | Found a roughly hewn altar of Beogh.
    27 | D        | Found a bloodstained altar of Trog.
    36 | D        | Reached skill level 5 in Polearms
    36 | D        | Reached XP level 2. HP: 22/24 MP: 2/2
    37 | D        | Found Baopekk's Distillery.
    38 | D        | Found Yzew's Distillery.
    38 | D        | Found Zatew's Bottled Wisdom.
    39 | D        | Found a blossoming altar of Fedhas.
    39 | D        | Found a corrupted altar of Lugonu.
    39 | D        | Found a viscous altar of Jiyva.
    39 | D        | Found Ujaorra's Do-It-Yourself Clinic.
    45 | D        | Found an opulent altar of Gozag.
    47 | D        | Found a burning altar of Makhleb.
    50 | D        | Found a stormy altar of Qazlal.
    52 | D        | Found Neuhec's Weapon Rack.
    53 | D        | Found Neazum's Premium Goods.
    54 | D        | Found Igrelaiw's Basic Armour.
    54 | D        | Found Jiplarcha's Miscellaneous Merchandise.
    65 | D        | Reached skill level 5 in Dodging
    69 | D        | Became a worshipper of Gozag Ym Sagoz the Greedy
   125 | D        | Arena points: 12 (+12) [x2]
   125 | D        | Reached skill level 6 in Polearms
   125 | D        | Reached XP level 3. HP: 24/30 MP: 3/3
   140 | D        | Bought a steaming cloak for 332 gold pieces
   145 | D        | Identified the +0 cloak of Somewhere Else {rElec rPois rC+ rN+} (You bought it in a shop in the Dungeon)
   172 | D        | Round 2.
   179 | D        | Noticed a queen ant
   194 | D        | HP: 1/45 [queen ant (8)]
   196 | D        | Mangled by a queen ant

Vault maps used:
D:        arena_sprint

Skill      XL: |  1  2 |
---------------+-------+-----
Fighting       | 3 |  3.9
Polearms       | 5 6 |  6.1
Stealth        | 2 3 |  3.3
Dodging        | 5 |  5.6
Throwing       | |  2.0

Action                   || total
-------------------------++-------
Melee: Trident           ||    36
  Use: Potion            ||     5
Armor: Leather armour    ||     9
Dodge: Dodged            ||    14
